AoeStats
← [GDL] HANNIBAL

Arena

509176733Analyzed
4v4 RM · 7d ago on Sep 25, 2026· 24m 44s· 8 players
Game mode
Random Map
Map size
Large (8 player)
Population
200
Speed
Normal
Resources
Standard
Victory
Conquest
Starting age
Dark Age
Ending age
Imperial Age
RankedLock teamsTeams togetherTeam positionsShared explorationLock speedFull tech treeHidden civsTurbo modeCheats
Victory
Defeat
🇲🇽 Cumans · Mexico
1580
+10
🇸🇪 Mongols · Sweden
1508
+13
🇺🇸 Byzantines · United States
1451
+15
🇲🇽 Teutons · Mexico
1341
+19
🇹🇷 Danes · Türkiye
1513
-18
🇦🇷 Slavs · Argentina
1442
-15
🇱🇧 Britons · Lebanon
1387
-12
🇦🇷 Bohemians · Argentina
1379
-12
PaRappa56
10:13 Feudal Age
14:05 Castle Age
12:10 Double-Bit Axe
12:32 Horse Collar
15:18 Loom
16:02 Bow Saw
25:18 Redemption
[GDL] HANNIBAL
5:50 Loom
8:13 Feudal Age
10:05 Fletching
21:42 Horse Collar
Ferpo
6:11 Loom
6:42 Loom
8:48 Feudal Age
9:42 Double-Bit Axe
11:22 Horse Collar
17:02 Gold Mining
18:28 Wheelbarrow
19:57 Castle Age
19:18 Wheelbarrow
19:32 Bloodlines
19:31 Scale Barding Armor
20:58 Chain Barding Armor
20:33 Capped Ram
Gripen
9:33 Feudal Age
10:54 Double-Bit Axe
13:13 Castle Age
11:47 Horse Collar
14:17 Bow Saw
19:42 Wheelbarrow
23:01 Hand Cart
22:32 Loom
22:33 Town Watch
Pororoca
10:50 Feudal Age
11:45 Loom
22:36 Castle Age
20:56 Double-Bit Axe
Katnip
11:19 Feudal Age
12:55 Double-Bit Axe
12:52 Horse Collar
15:22 Castle Age
13:23 Stone Mining
13:31 Gold Mining
14:48 Fletching
15:10 Town Watch
16:21 Bow Saw
18:22 Padded Archer Armor
23:00 Bodkin Arrow
23:57 Loom
too old for this new shit
11:45 Feudal Age
12:35 Double-Bit Axe
12:31 Horse Collar
15:27 Castle Age
15:15 Forging
17:18 Iron Casting
21:31 Bloodlines
22:11 Wheelbarrow
22:05 Heavy Plow
22:48 Bow Saw
LonzoWall
9:02 Feudal Age
10:09 Double-Bit Axe
12:15 Horse Collar
15:01 Castle Age
12:34 Man-at-Arms
14:47 Scale Mail Armor
15:15 Long Swordsman
16:26 Squires
16:32 Loom
16:53 Gambesons
18:11 Chain Mail Armor
Connection lost

Rejoining the realm…

Still unreachable

The connection could not be restored.

Session expired

The server has moved on; the page needs a fresh start.